 Dungeon Crawl Stone Soup version 0.27-a0-152-g6fc33f2 (webtiles) character file.

Game seed: 2717467711737624386

23 Blackhawk the Skirmisher (level 2, 0/24 HPs)
             Began as a Demonspawn Abyssal Knight on Jan 27, 2021.
             Was a Follower of Lugonu.
             Slain by a hobgoblin (4 damage)
             ... led by Robin
             ... on level 1 of the Dungeon.
             The game lasted 00:01:29 (1050 turns).

Blackhawk the Skirmisher (DsAK)                     Turns: 1050, Time: 00:01:30

Health: 0/24       AC:  5    Str: 12    XL:     2   Next: 75%
Magic:  4/4        EV: 11    Int: 13    God:    Lugonu [*.....]
Gold:   112        SH:  4    Dex: 12    Spells: 1/1 levels left

rFire    + . .     SeeInvis .   a - +1 hand axe
rCold    . . .     Faith    .   (no shield)
rNeg     . . .     Spirit   .   b - +0 leather armour
rPois    .         Reflect  .   i - +0 helmet
rElec    .         Harm     .   (no cloak)
rCorr    .         Rampage  .   c - +0 pair of gloves
Will     .....                  (no boots)
Stlth    +.........             d - amulet of magic regeneration
HPRegen  0.08/turn              m - ring of protection from fire
MPRegen  0.34/turn              (no ring)

@: no status effects
A: condensation shield
a: Renounce Religion, Depart the Abyss


You were on level 1 of the Dungeon.
You worshipped Lugonu.
Lugonu was aware of your devotion.
You visited 1 branch of the dungeon, and saw 2 of its levels.
You visited the Abyss 1 time.

You collected 112 gold pieces.

Inventory:

Hand Weapons
 a - a +1 hand axe (weapon)
Missiles
 l - 10 poisoned darts
Armour
 b - a +0 leather armour (worn)
 c - a +0 pair of gloves (worn)
 i - a +0 helmet (worn)
Jewellery
 d - an amulet of magic regeneration (around neck)
 m - a ring of protection from fire (left hand)
Scrolls
 e - a scroll of teleportation {unknown}
 f - a scroll of identify {unknown}
 g - a scroll of enchant armour {unknown}
 h - a scroll of magic mapping {unknown}
Potions
 j - a potion of degeneration {unknown}
 k - a potion of heal wounds {unknown}
 n - a potion of haste {unknown}


   Skills:
 + Level 3.2 Fighting
 + Level 2.1 Axes
 + Level 2.1 Armour
 + Level 1.3 Dodging
 + Level 2.9 Invocations


You had one spell level left.
You didn't know any spells.
Your spell library was empty.

Dungeon Overview and Level Annotations

Branches:
Dungeon (2/15)

Altars:

Annotations:
D:1 Robin


Innate Abilities, Weirdness & Mutations

A meltable shield of frost defends you. (SH +4)


Message History

You kill the goblin!
Lugonu accepts your kill. The goblin closely misses you.
The hobgoblin hits you.
* * * LOW HITPOINT WARNING * * *
Robin barely misses you.
You barely miss Robin.
Robin is severely wounded.
You hit the hobgoblin but do no damage. You barely miss the goblin.
The goblin barely misses you. The hobgoblin closely misses you.
Robin barely misses you.
You completely miss Robin.
Robin is severely wounded.
You completely miss the goblin. You barely miss the hobgoblin.
The goblin completely misses you. The hobgoblin closely misses you.
Robin hits you but does no damage.
You hit Robin.
Robin is almost dead.
You hit the hobgoblin but do no damage. You barely miss the goblin.
The goblin barely misses you. The hobgoblin hits you.
You die...

#.########........####
#.###############.##..
#.#..........# #.##.#
##.#.########.# #.##..
#...†#......#.# #.#...
#....#.####.#.## #.#.#.
#.......###....###.#.#.
#....g.).#......#......
#....g@g...............
#....#)######.####.....
#....#......#.#######.#
#....######.#..[^......
#.........#.#####......
#......................
#....####.#.#####......
###....##.....# #......
#....#.##.....# #......


You could see Robin (strong), a hobgoblin (strong) and a goblin (strong).

Vanquished Creatures
  2 dart slugs (D:1)
  A leopard gecko (D:1)
  A giant cockroach (D:1)
  2 hobgoblins
  5 bats (D:1)
  3 goblins
  4 kobolds (D:1)
  2 rats (D:1)
20 creatures vanquished.

Notes
Turn   | Place    | Note
-------+----------+-------------------------------------------
     0 | Abyss:1  | Blackhawk the Demonspawn Abyssal Knight began the quest for
                  | the Orb.
     0 | Abyss:1  | Reached XP level 1. HP: 18/18 MP: 2/2
    54 | Abyss:1  | Noticed a quasit
    61 | D:1      | Escaped the Abyss
   297 | D:1      | Reached skill level 1 in Dodging
   469 | D:1      | Reached * piety under Lugonu
   677 | D:1      | Gained mutation: A meltable shield of frost defends you.
                  | (SH +4) [demonic ancestry]
   677 | D:1      | Reached XP level 2. HP: 23/24 MP: 4/4
  1039 | D:2      | Noticed Robin
  1050 | D:1      | Slain by a hobgoblin

Illustrated notes

Levels and vault maps discovered:
D:1:      scummos_arrival_forest, layout_basic, minmay_cut_off
D:2:      layout_basic, minitemple, uniq_jessica, uniq_robin

Skill      XL: |  1  2 |
---------------+-------+-----
Dodging        | 1 |  1.3
Axes           | 2 |  2.1
Armour         | 2 |  2.1
Fighting       | |  3.2
Invocations    | |  2.9

Action                   || total
-------------------------++-------
Melee: Hand axe          ||    60
Invok: Depart the Abyss  ||     1
Armor: Leather armour    ||    26
Dodge: Dodged            ||    53
Block: Other             ||     6

Table legend: (Time is in decaauts)
 A = Elapsed time spent in this place.
 B = Non-inter-level travel time spent in this place.
 C = Inter-level travel time spent in this place.
 D = Time resting spent in this place.
 E = Time spent auto-exploring this place.
 F = Levels seen in this place.
 G = Mean time per level.
                   A        B        C        D        E       F      G
               +--------+--------+--------+--------+--------+-----+--------+
         Total |   1061 |   1020 |     41 |      0 |    850 |   3 |  353.7 |
       Dungeon |   1000 |    959 |     41 |      0 |    797 |   2 |  500.0 |
         Abyss |     61 |     61 |      0 |      0 |     53 |   1 |   61.0 |
               +--------+--------+--------+--------+--------+-----+--------+

Top non-repeatable levels by time:
     D:1: 993 daAuts
 Abyss:1: 61 daAuts
     D:2: 6 daAuts
